 Dungeon Crawl Stone Soup version 0.29.1-1-gd02db6906a (webtiles) character file.

Game seed: 7549820770571952403

10072 RascalDebosk the Fighter (level 11, -21/100 HPs)
             Began as a Minotaur Berserker on Sept 16, 2022.
             Was an Elder of Trog.
             Killed from afar by an ice statue (40 damage)
             ... with a shard of ice
             ... in an ice cave.
             The game lasted 01:16:49 (10599 turns).

RascalDebosk the Fighter (Minotaur Berserker)      Turns: 10599, Time: 01:16:50

Health: -21/100    AC: 18    Str: 24    XL:     11   Next: 31%
Magic:  10/10      EV: 12    Int:  6    God:    Trog [****..]
Gold:   712        SH:  0    Dex: 10    Spells: 10/10 levels left

rFire   . . .      SeeInvis .   u - +5 battleaxe (flame)
rCold   . . .      Faith    .   (shield currently unavailable)
rNeg    . . .      Spirit   .   D - +0 plate armour
rPois   .          Reflect  .   (helmet restricted)
rElec   .          Harm     .   (no cloak)
rCorr   .          Rampage  .   e - +1 pair of gloves
Will    .....                   s - +0 pair of boots
Stlth   ..........              (no amulet)
HPRegen 0.26/turn               i - +4 ring of evasion
MPRegen 0.12/turn               d - ring of flight

@: on berserk cooldown, flying, slowed, very slow
A: horns 2, retaliatory headbutt
a: Renounce Religion, Berserk, Trog's Hand, Brothers in Arms


You were in an ice cave.
You worshipped Trog.
Trog was greatly pleased with you.
You visited 1 branch of the dungeon, and saw 11 of its levels.
You also visited: Ice Cave.

You collected 712 gold pieces.

Inventory:

Hand Weapons
 u - a +5 battleaxe of flaming (weapon)
 B - a +5 battleaxe
Missiles
 a - 6 curare-tipped darts
 j - 5 boomerangs (quivered)
 m - 34 poisoned darts
Armour
 e - a +1 pair of gloves (worn)
 s - a +0 pair of boots (worn)
 D - a +0 plate armour (worn)
Jewellery
 d - a ring of flight (right hand)
 g - a +4 ring of evasion
 i - a +4 ring of evasion (left hand)
 o - a ring of positive energy
Wands
 h - a wand of roots (4)
 r - a wand of charming (19)
 y - a wand of flame (5)
 A - a wand of acid (2)
Scrolls
 b - a scroll of identify
 l - a scroll of teleportation
 n - 3 scrolls of butterflies {unknown}
Potions
 c - a potion of ambrosia
 f - a potion of resistance
 k - 9 potions of curing
 p - 2 potions of flight
 t - a potion of attraction
 w - a potion of haste
 x - 3 potions of cancellation
 z - a potion of lignification
 E - a potion of heal wounds {unknown}
Miscellaneous
 q - a box of beasts


   Skills:
 + Level 10.3 Fighting
 + Level 10.2 Axes
 + Level 8.0 Throwing
 + Level 10.0 Armour
 - Level 2.1 Dodging
 + Level 7.2 Evocations


You had 10 spell levels left.
You didn't know any spells.
Your spell library was empty.

Dungeon Overview and Level Annotations

Branches:
Dungeon (11/15)            Temple (0/1) D:6            Lair (0/5) D:10
  IceCv (1/1)
    Orc: D:9-12

Altars:
Cheibriados
Fedhas
Gozag
Hepliaklqana
Kikubaaqudgha
Makhleb
Nemelex Xobeh
Okawaru
Qazlal
Sif Muna
Trog
Uskayaw
Xom

Portals:
Trove: D:10 (lose all piety)

Annotations:
IceCv exclusion: 2 ice statues


Innate Abilities, Weirdness & Mutations

You have a pair of horns on your head.
You reflexively headbutt those who attack you in melee.


Message History

Marking area around an ice statue as unsafe for travelling.
The ice statue gestures at you. The freezing blast engulfs you!!
You hit the ice statue.
You melt the ice statue.
The ice statue is lightly damaged.
You slice the ice beast!!
You melt the ice beast!!
You feel the power of Trog in you as your rage grows.
You kill the ice beast!
The ice beast disappears in a puff of smoke!
You are engulfed in freezing vapours.
The ice statue gestures at you. The freezing blast engulfs you.
You slice the ice statue!!
You melt the ice statue!
The ice statue is severely damaged.
You are engulfed in freezing vapours.
You slice the ice statue!!
You melt the ice statue!
You feel the power of Trog in you as your rage grows.
You destroy the ice statue!
Trog accepts your kill.
You are engulfed in freezing vapours.
The ice statue gestures.
Your Throwing skill increases to level 8!
Your Armour skill increases to level 10!
You are engulfed in freezing vapours.
The ice statue glitters chillingly in the dim dungeon light.
You feel a strong urge to attack something.
You are engulfed in freezing vapours.
The ice statue gestures at you.
The shard of ice hits you but does no damage.
You are engulfed in freezing vapours.
* * * LOW HITPOINT WARNING * * *
You feel your anger nearly subside.
You are engulfed in freezing vapours.
* * * LOW HITPOINT WARNING * * *
You are no longer berserk.
You are exhausted.
You feel yourself slow down. The ice statue gestures at you.
The shard of ice hits you!!!
You die...

###### #############
.....## ##....[#8....##
......###.....!#......##
.......#.......#.......#
.∩..∩...........°Y°....8
.......#.......#○°.....#
......###.....[#@○....##
.....## ##..([.#○°°..##
###### #############


You could see 2 ice statues and an ice beast (summoned).

Vanquished Creatures
  A vault guard (D:10)
  A two-headed ogre (D:9)
  An ugly thing (IceCv)
  An ice statue (IceCv)
  A komodo dragon (D:10)
  Grinder (D:3)
  15 yaks
  A shadow (D:9)
  A wraith (D:9)
  A vampire (D:11)
  Eustachio (D:6)
  A steam dragon (D:7)
  A death yak simulacrum (IceCv)
  A water moccasin (D:7)
  5 orc warriors
  2 ice beasts
  2 sky beasts (D:8)
  A black bear (D:5)
  5 centaurs
  A phantom (D:5)
  5 kobold brigands
  A gnoll sergeant (D:8)
  3 necrophages
  4 scorpions
  8 wights
  An elephant simulacrum (IceCv)
  2 howler monkeys
  A crimson imp (D:6)
  5 hounds
  5 jellies
  8 orc priests
  2 gnoll boudas
  7 orc wizards
  2 iguanas
  2 polar bear simulacra (IceCv)
  14 gnolls
  7 adders
  12 white imps
  2 ufetubi
  A dart slug (D:4)
  29 orcs
  4 ball pythons
  9 endoplasms
  3 giant cockroaches
  2 hobgoblins
  3 quokkas
  7 bats
  4 frilled lizards
  7 goblins
  31 kobolds
  5 rats
240 creatures vanquished.

Vanquished Creatures (collateral kills)
  A two-headed ogre (D:11)
  A white imp (D:11)
2 creatures vanquished.

Vanquished Creatures (others)
  16 plants
16 creatures vanquished.

Grand Total: 258 creatures vanquished

Notes
Turn   | Place    | Note
-------+----------+-------------------------------------------
     0 | D:1      | RascalDebosk the Minotaur Berserker began the quest for the
                  | Orb.
     0 | D:1      | Reached XP level 1. HP: 19/19 MP: 0/0
   300 | D:1      | Reached XP level 2. HP: 22/27 MP: 1/1
  1397 | D:2      | Reached XP level 3. HP: 32/33 MP: 2/2
  1437 | D:2      | Reached skill level 1 in Throwing
  1547 | D:2      | Reached skill level 1 in Evocations
  1687 | D:3      | Reached ** piety under Trog
  1750 | D:3      | Reached XP level 4. HP: 40/40 MP: 3/3
  1782 | D:3      | Found a faded altar of an unknown god.
  2148 | D:3      | Noticed Grinder
  2158 | D:3      | Killed Grinder
  2159 | D:3      | Reached XP level 5. HP: 47/47 MP: 4/4
  2159 | D:3      | Reached XP level 6. HP: 55/55 MP: 5/5
  2429 | D:4      | Reached skill level 5 in Fighting
  2435 | D:4      | Found an opulent altar of Gozag.
  2473 | D:4      | Found a blossoming altar of Fedhas.
  2536 | D:4      | Reached skill level 5 in Axes
  3301 | D:5      | Entered Level 5 of the Dungeon
  3340 | D:5      | Reached XP level 7. HP: 53/61 MP: 6/6
  3481 | D:5      | Reached skill level 5 in Armour
  3548 | D:5      | Found a snail-covered altar of Cheibriados.
  3590 | D:5      | Found a sparkling altar of Nemelex Xobeh.
  3797 | D:5      | Reached XP level 8. HP: 70/70 MP: 7/7
  4127 | D:5      | Found a stormy altar of Qazlal.
  4314 | D:6      | Reached *** piety under Trog
  4645 | D:6      | Found a staircase to the Ecumenical Temple.
  5780 | D:6      | Noticed Eustachio
  5785 | D:6      | Killed Eustachio
  6089 | D:6      | Found a shimmering altar of Xom.
  6089 | D:6      | Found a burning altar of Makhleb.
  6197 | D:7      | Reached skill level 5 in Throwing
  6197 | D:7      | Reached XP level 9. HP: 66/79 MP: 8/8
  6481 | D:7      | Found a shimmering blue altar of Sif Muna.
  6535 | D:7      | Found an iron altar of Okawaru.
  6877 | D:7      | Reached skill level 5 in Evocations
  7248 | D:8      | Found a hide-covered altar of Uskayaw.
  7252 | D:8      | Found an ancient bone altar of Kikubaaqudgha.
  7565 | D:8      | Reached XP level 10. HP: 75/90 MP: 9/9
  7652 | D:8      | Found a hazy altar of Hepliaklqana.
  7749 | D:8      | Found a bloodstained altar of Trog.
  8216 | D:9      | Reached **** piety under Trog
  8291 | D:9      | Noticed a two-headed ogre
  8299 | D:9      | Killed a two-headed ogre
  9147 | D:10     | Entered Level 10 of the Dungeon
  9168 | D:10     | Noticed a vault guard
  9179 | D:10     | Killed a vault guard
  9231 | D:10     | Found a portal to a secret trove of treasure.
  9619 | D:10     | Reached XP level 11. HP: 86/99 MP: 10/10
  9693 | D:10     | Found a staircase to the Lair.
  9849 | D:10     | Reached skill level 10 in Fighting
 10236 | D:11     | Noticed a two-headed ogre
 10244 | D:11     | Killed a two-headed ogre
 10245 | D:11     | Reached skill level 10 in Axes
 10252 | D:11     | Found a frozen archway.
 10295 | IceCv    | Entered an ice cave
 10432 | IceCv    | Noticed a white ugly thing
 10436 | IceCv    | Killed a white ugly thing
 10596 | IceCv    | Reached skill level 10 in Armour
 10599 | IceCv    | Killed from afar by an ice statue

Illustrated notes

Levels and vault maps discovered:
D:1:      dpeg_arrival_rooms_b, layout_basic, serial_aquarium,
          aquarium_bridge_square [aquarium_subvault_window,
          aquarium_subvault_window, aquarium_subvault_window,
          aquarium_subvault_bridge], aquarium_window_fake, aquarium_window_2,
          aquarium_window_corridor_2, aquarium_window_fake, aquarium_view_2d,
          aquarium_view_2c
D:2:      layout_loops_corners, nicolae_kite_square_tiling_tiny
D:3:      layout_basic, shapermc_ecumenical_altar_rom_forum, uniq_grinder
D:4:      layout_basic, mainiacjoe_overflow_six_doors_small,
          fedhas_ov_isle_minmay
D:5:      layout_cave_pools, mainiacjoe_overflow_brackets,
          mainiacjoe_overflow_surrounded_room, kennysheep_mini_moat
D:6:      layout_basic, grunt_temple_overflow_champion_of_chaos, temple_hall,
          serial_bayou_ford_a, serial_bayou_crossing, uniq_eustachio
D:7:      layout_rooms, nicolae_sif_muna_condensation, amcnicky_altar_gilded
D:8:      layout_loops_ring, trog_three_pillars_becter,
          worldfamousw_hep_ancestral_shrine, jmf_multi_god_temple,
          hangedman_abyss_or_decor_stagger
D:9:      layout_roguey
D:10:     layout_gridville, david_lair_shrubbed, enter_trove_5,
          nicolae_water_bricks
D:11:     layout_basic, portal_ice_cave_entry_imps
IceCv:    ice_cave_statue_garden_chambered

Skill      XL: |  1  2  3  4  5  6  7  8  9 10 11 |
---------------+----------------------------------+-----
Fighting       | 4 5 6 7 8 9 10 | 10.3
Axes           | 4 5 6 7 8 9 10 | 10.2
Throwing       | 1 2 3 5 6 7 8 |  8.0
Evocations     | 1 2 3 4 5 6 7 |  7.2
Armour         | 3 4 5 6 8 9 10 | 10.0
Dodging        | |  2.1

Action                   |  1- 3 |  4- 6 |  7- 9 | 10-12 || total
-------------------------+-------+-------+-------+-------++-------
Melee: Hand axe          |    69 |   108 |   217 |       ||   394
       Headbutt          |    14 |    14 |    51 |    19 ||    98
       Punch             |     1 |     2 |     3 |       ||     6
       Battleaxe         |       |       |    29 |   136 ||   165
       War axe           |       |       |    26 |       ||    26
Throw: Dart              |       |       |       |     3 ||     3
Invok: Berserk           |       |     2 |     9 |     7 ||    18
       Trog's Hand       |       |       |     1 |     2 ||     3
       Brothers in Arms  |       |       |       |     2 ||     2
  Use: Scroll            |       |     3 |     9 |    13 ||    25
       Potion            |       |       |     2 |     1 ||     3
Armor: Chain mail        |    37 |    79 |   139 |    40 ||   295
       Animal skin       |     3 |       |       |       ||     3
       Plate armour      |       |       |       |    32 ||    32
Dodge: Dodged            |    47 |    47 |   161 |    81 ||   336
